 Dungeon Crawl Stone Soup version 0.17.1-1-g73c8601 (console) character file.

71 Kloppie the Skirmisher (level 4, -2/38 HPs)
             Began as a Formicid Fighter on Dec 21, 2015.
             Slain by Grinder (3 damage)
             ... on level 5 of the Dungeon.
             The game lasted 00:02:32 (2011 turns).

Kloppie the Skirmisher (Formicid Fighter)           Turns: 2011, Time: 00:02:32

Health: -2/38      AC:  6    Str: 25    XL:     4   Next: 47%
Magic:  4/4        EV:  8    Int:  8    God:
Gold:   172        SH: 10    Dex: 11    Spells: 0 memorised, 3 levels left

rFire  . . .     SeeInvis +     a - +0 long sword
rCold  . . .     Clarity  .     b - +0 scale mail
rNeg   . . .     SustAt   .     c - +0 shield
rPois  .         Gourm    .     (helmet unavailable)
rElec  .         Spirit   .     (no cloak)
rCorr  .         Warding  .     (no gloves)
rMut   .         Stasis   +     (no boots)
MR     .....                    (no amulet)
Stlth  ..........               (no ring)
                                (no ring)

@: mighty, not resistant to hostile enchantments, extremely unstealthy
A: permanent stasis, dig shafts and tunnels, four strong arms, antennae 3
a: Dig, Shaft Self


You were on level 5 of the Dungeon.
You were near starving.

You visited 1 branch of the dungeon, and saw 5 of its levels.

You collected 172 gold pieces.

Inventory:

Hand Weapons
 a - a +0 long sword (weapon)
Armour
 b - a +0 scale mail (worn)
 c - a +0 shield (worn)
Jewellery
 p - an uncursed ring of positive energy {unknown}
Wands
 m - a wand of enslavement (19)
Scrolls
 f - 3 scrolls of remove curse {unknown}
 g - 4 scrolls of identify {unknown}
 o - a scroll of recharging {unknown}
 q - 2 scrolls of fear {unknown}
 r - 2 scrolls of teleportation {unknown}
 s - a scroll of magic mapping {unknown}
Potions
 d - a potion of might
 h - 3 potions of haste {unknown}
 i - 3 potions of brilliance {unknown}
 j - a potion of resistance {unknown}
 k - 3 potions of curing {unknown}
 l - a potion of invisibility {unknown}
Comestibles
 e - a bread ration
 n - 2 meat rations


   Skills:
 + Level 4.3 Fighting
 + Level 3.4 Long Blades
 - Level 3.2 Armour
 - Level 3.6 Shields


You had 3 spell levels left.
You didn't know any spells.

Dungeon Overview and Level Annotations

Branches:
Dungeon (5/15)
 Temple: D:4-7

Altars:
Nemelex Xobeh
Okawaru

Annotations:
D:3 Sigmund
D:5 Grinder


Innate Abilities, Weirdness & Mutations

You are under a permanent stasis effect.
You can dig through walls and to a lower floor.
Your four strong arms can wield two-handed weapons with a shield.
You have a pair of large antennae on your head (SInv).


Message History

Grinder is moderately wounded.
Grinder hits you but does no damage.
You barely miss Grinder.
Grinder is moderately wounded.
Grinder gestures.
Grinder blinks!
Grinder hits you.
* * * LOW HITPOINT WARNING * * *
You writhe in agony.
* * * LOW HITPOINT WARNING * * *
You hit Grinder.
Grinder is moderately wounded.
Grinder hits you.
* * * LOW HITPOINT WARNING * * *
Grinder gestures at you. You resist with significant effort.
You slash Grinder!
Grinder is severely wounded.
Grinder hits you.
You die...

#.#.##.#####..# #.#
#......<...#..####.########
###.#####..#..#............
#.#......#..#.##.########
###.#............#.#
..............####.######
###.#########...........#
#.# #######.#.#.####.# ...
........5@..# ##.#
#######.##### #.# #.## ..#
#.# ## #.# #.# ##


You could see Grinder.

Vanquished Creatures
  4 adders
  2 giant geckos (D:2)
  An orc (D:4)
  2 ball pythons (D:2)
  3 giant cockroaches
  4 hobgoblins
  3 kobolds
  7 bats
  3 giant newts
  3 goblins
  2 jackals (D:1)
  3 rats
37 creatures vanquished.

Notes
Turn   | Place    | Note
--------------------------------------------------------------
     0 | D:1      | Kloppie the Formicid Fighter began the quest for the Orb.
     0 | D:1      | Reached XP level 1. HP: 18/18 MP: 1/1
    13 | D:1      | Noticed an ogre
   219 | D:1      | Reached XP level 2. HP: 17/24 MP: 2/2
   300 | D:1      | Found a sparkling altar of Nemelex Xobeh.
   746 | D:2      | Reached XP level 3. HP: 30/30 MP: 3/3
   805 | D:2      | Reached skill level 4 in Fighting
  1031 | D:2      | Found a faded altar to an unknown god.
  1175 | D:2      | Reached XP level 4. HP: 34/37 MP: 4/4
  1212 | D:3      | Noticed Sigmund
  1406 | D:4      | Found an iron altar of Okawaru.
  1770 | D:4      | Noticed a phantom
  1806 | D:5      | Entered Level 5 of the Dungeon
  1985 | D:5      | Noticed Grinder
  2010 | D:5      | HP: 1/38 [Grinder (6)]
  2011 | D:5      | Slain by Grinder

Action                   |  1- 3 |  4- 6 || total
-------------------------+-------+-------++-------
Melee: Long sword        |   119 |    47 ||   166
  Use: Potion            |       |     1 ||     1
  Eat: Chunk             |     1 |     1 ||     2
